 Dungeon Crawl Stone Soup version 0.21.0-24-g2553a33 (webtiles) character file.

73 tidbits the Firebug (level 4, -1/32 HPs)
             Began as a Gnoll Fire Elementalist on Jan 19, 2018.
             Killed from afar by an orc wizard (7 damage)
             ... with a puff of frost
             ... on level 4 of the Dungeon.
             The game lasted 00:06:02 (677 turns).

tidbits the Firebug (Gnoll Fire Elementalist)        Turns: 677, Time: 00:06:04

Health: -1/32      AC:  3    Str: 11    XL:     4   Next: 27%
Magic:  3/12       EV: 15    Int: 15    God:
Gold:   50         SH:  0    Dex: 15    Spells: 7/13 levels left

rFire    . . .     SeeInvis .   r - +0 falchion
rCold    . . .     Gourm    +   (no shield)
rNeg     . . .     Faith    .   a - +0 robe
rPois    .         Spirit   .   (no helmet)
rElec    .         Reflect  .   (no cloak)
rCorr    .         Harm     .   e - +0 pair of gloves
MR       .....                  (no boots)
Stlth    +++.......             k - amulet of the gourmand
HPRegen  0.10/turn              l - -3 ring of intelligence (curse)
MPRegen  0.13/turn              (no ring)

@: lethally poisoned (-1 -> -10)
A: distributed training, fangs 1, high mp 1, strong nose
a: no special abilities


You were on level 4 of the Dungeon.
You were not hungry.

You visited 1 branch of the dungeon, and saw 4 of its levels.

You collected 50 gold pieces.

Inventory:

Hand Weapons
 d - a +0 dagger
 m - a +0 blowgun
 n - a +0 dagger of speed
   (You took it off a kobold on level 3 of the Dungeon)
 r - a +0 falchion (weapon)
 s - a +0 war axe
Missiles
 t - 7 tomahawks (quivered)
Armour
 a - a +0 robe (worn)
 e - a +0 pair of gloves (worn)
 q - a +0 shield
Jewellery
 k - an amulet of the gourmand (around neck)
   (You found it on level 3 of the Dungeon)
 l - a cursed -3 ring of intelligence (left hand)
   (You found it on level 2 of the Dungeon)
 p - an uncursed amulet of guardian spirit
   (You found it on level 2 of the Dungeon)
Scrolls
 g - a scroll of enchant armour {unknown}
 h - a scroll of fog {unknown}
 o - a scroll of amnesia {unknown}
 u - a scroll of identify {unknown}
Potions
 i - a potion of berserk rage {unknown}
 j - a potion of cancellation {unknown}
Books
 b - a book of Flames

   Spells                             Type                      Level
   a - Flame Tongue                   Conjuration/Fire             1
   b - Throw Flame                    Conjuration/Fire             2
   c - Conjure Flame                  Conjuration/Fire             3
   d - Inner Flame                    Hexes/Fire                   3
   e - Sticky Flame                   Conjuration/Fire             4
   f - Fireball                       Conjuration/Fire             5
Comestibles
 c - 4 rations


   Skills:
 + Level 1.0 Fighting
 + Level 1.0 Short Blades
 + Level 1.0 Long Blades
 + Level 1.0 Axes
 + Level 1.0 Maces & Flails
 + Level 1.0 Polearms
 + Level 1.0 Staves
 + Level 1.0 Slings
 + Level 1.0 Bows
 + Level 1.0 Crossbows
 + Level 1.0 Throwing
 + Level 1.0 Armour
 + Level 4.6 Dodging
 + Level 4.2 Stealth
 + Level 1.0 Shields
 + Level 1.0 Unarmed Combat
 + Level 5.0 Spellcasting
 + Level 2.2 Conjurations
 + Level 0.8 Hexes
 + Level 0.8 Charms
 + Level 0.8 Summonings
 + Level 0.8 Necromancy
 + Level 0.8 Translocations
 + Level 0.8 Transmutations
 + Level 5.4 Fire Magic
 + Level 0.8 Ice Magic
 + Level 0.8 Air Magic
 + Level 0.8 Earth Magic
 + Level 0.8 Poison Magic
 + Level 1.1 Invocations
 + Level 1.0 Evocations


You had 7 spell levels left.
You knew the following spells:

 Your Spells              Type           Power        Failure   Level  Hunger
a - Flame Tongue          Conj/Fire      ###..        3%          1    None
c - Conjure Flame         Conj/Fire      ###.....     10%         3    ###....
f - Throw Flame           Conj/Fire      ###...       4%          2    ##.....


Dungeon Overview and Level Annotations

Branches:
Dungeon (4/15)
 Temple: D:4-7

Altars:


Innate Abilities, Weirdness & Mutations

Your experience applies equally to all skills.
You have very sharp teeth.
Your uncanny sense of smell can sniff out nearby items.
You have an increased reservoir of magic. (+10% MP)


Message History

You kill the orc!
Unknown command.
You hit the orc wizard. Your bite misses the orc wizard.
The orc wizard is moderately wounded.
The orc wizard hits you but does no damage.
Casting: Flame Tongue
Confirm with . or Enter, or press ? or * to list all spells.
Aiming: Flame Tongue
Press: ? - help, Shift-Dir - straight line, f - orc wizard
Aim: an orc wizard, wielding a dagger and wearing a robe (moderately wounded)
The flame tongue hits the orc wizard.
The orc wizard is severely wounded.
The orc wizard closely misses you.
Casting: Flame Tongue
Confirm with . or Enter, or press ? or * to list all spells.
Aiming: Flame Tongue
Press: ? - help, Shift-Dir - straight line, f/p - orc wizard
Aim: an orc wizard, wielding a dagger and wearing a robe (severely wounded)
The flame tongue misses the orc wizard.
The orc wizard barely misses you.
The orc wizard hits you with a dagger of venom.
You are poisoned.
Casting: Flame Tongue
Confirm with . or Enter, or press ? or * to list all spells.
Aiming: Flame Tongue
Press: ? - help, Shift-Dir - straight line, f/p - orc wizard
Aim: an orc wizard, wielding a dagger and wearing a robe (severely wounded)
The flame tongue misses the orc wizard.
You feel sick. The orc wizard closely misses you.
The orc wizard hits you with a dagger of venom.
You are more poisoned.
Casting: Flame Tongue
Confirm with . or Enter, or press ? or * to list all spells.
Aiming: Flame Tongue
Press: ? - help, Shift-Dir - straight line, f - orc wizard, p - orc wizard
Aim: an orc wizard, wielding a dagger of venom and wearing a robe The flame tongue hits the orc wizard.
The orc wizard is moderately wounded.
You feel sick. The orc wizard misses you.
You riposte.
You closely miss the orc wizard.
You bite the orc wizard, but do no damage.
The orc wizard is severely wounded.
The orc wizard completely misses you.
You riposte.
You barely miss the orc wizard.
The orc wizard is moderately wounded.
Casting: Flame Tongue
Confirm with . or Enter, or press ? or * to list all spells.
Aiming: Flame Tongue
Press: ? - help, Shift-Dir - straight line, f/p - orc wizard
Aim: an orc wizard, wielding a dagger of venom and wearing a robe (moderately wounded)
The flame tongue hits the orc wizard.
The orc wizard is heavily wounded.
You feel sick. The orc wizard hits you with a dagger.
The orc wizard misses you.
You riposte.
You barely miss the orc wizard.
The orc wizard is heavily wounded.
Casting: Flame Tongue
Confirm with . or Enter, or press ? or * to list all spells.
Aiming: Flame Tongue
Press: ? - help, Shift-Dir - straight line, f/p - orc wizard
Aim: an orc wizard, wielding a dagger of venom and wearing a robe (heavily wounded)
The flame tongue hits the orc wizard.
The orc wizard is almost dead.
You feel sick.
The orc wizard closely misses you. x2; You riposte.
You barely miss the orc wizard.
The orc wizard is almost dead.
Casting: Flame Tongue
Confirm with . or Enter, or press ? or * to list all spells.
Aiming: Flame Tongue
Press: ? - help, Shift-Dir - straight line, f/p - orc wizard
Aim: an orc wizard, wielding a dagger of venom and wearing a robe (almost dead)
The flame tongue hits the orc wizard.
The orc wizard appears unharmed.
The orc wizard is almost dead.
You feel sick.
The orc wizard mumbles some strange words.
The orc wizard seems to speed up.
The orc wizard mumbles some strange words.
The orc wizard flickers and vanishes!
Deactivating autopickup; reactivate with Ctrl-A.
Unknown command.
Casting: Flame Tongue
Confirm with . or Enter, or press ? or * to list all spells.
Aiming: Flame Tongue
Press: ? - help, Shift-Dir - straight line You feel sick.
The orc wizard barely misses you.
The orc wizard points at you and mumbles some strange words.
The puff of frost hits you!
* * * LOW HITPOINT WARNING * * *
You hear some strange, mumbled words.
A magic dart appears from out of thin air!
The magic dart hits you!
* * * LOW HITPOINT WARNING * * *
Unknown command.
It was a potion of mutation.
You feel extremely strange.
You feel more energetic.
* * * LOW HITPOINT WARNING * * *
You feel sick.
The orc wizard looks encouraged for a moment.
You hear some strange, mumbled words.
A puff of frost appears from out of thin air!
The puff of frost hits you!
You die...

#............+.........'........
#######...####.........####...##
#..## ##.......##........ #.##
##.....###.####.## #.# ##...## #
..# #.# ##+# .## #.# ### .. #.#
##o## #. #.# ##.#@# #. #.#
##.###{...# #.###o####.....#
#....o...##...#..
#####.##oo...... ##.# #.#.##..
#.# #.# # #.# .# ##


You could see an orc wizard.

Vanquished Creatures
  A hound (D:4)
  An ooze (D:2)
  A dart slug (D:2)
  2 leopard geckos
  6 orcs
  4 bats
  2 giant cockroaches
  3 hobgoblins
  2 jackals (D:3)
  2 frilled lizards
  3 kobolds
  A rat (D:2)
28 creatures vanquished.

Notes
Turn   | Place    | Note
-------+----------+-------------------------------------------
     0 | D:1      | tidbits the Gnoll Fire Elementalist began the quest for the Orb.
     0 | D:1      | Reached XP level 1. HP: 13/13 MP: 6/6
   147 | D:2      | Found a faded altar of an unknown god.
   153 | D:2      | Reached skill level 2 in Conjurations
   182 | D:3      | Reached XP level 2. HP: 19/19 MP: 5/7
   204 | D:2      | Learned a level 2 spell: Throw Flame
   307 | D:3      | Reached XP level 3. HP: 23/25 MP: 0/9
   361 | D:3      | Reached skill level 5 in Spellcasting
   505 | D:4      | Reached skill level 1 in Fighting
   505 | D:4      | Reached skill level 1 in Short Blades
   505 | D:4      | Reached skill level 1 in Long Blades
   505 | D:4      | Reached skill level 1 in Axes
   505 | D:4      | Reached skill level 1 in Maces & Flails
   505 | D:4      | Reached skill level 1 in Polearms
   505 | D:4      | Reached skill level 1 in Staves
   505 | D:4      | Reached skill level 1 in Slings
   505 | D:4      | Reached skill level 1 in Bows
   505 | D:4      | Reached skill level 1 in Crossbows
   505 | D:4      | Reached skill level 1 in Throwing
   505 | D:4      | Reached skill level 1 in Armour
   505 | D:4      | Reached skill level 1 in Shields
   505 | D:4      | Reached skill level 1 in Unarmed Combat
   505 | D:4      | Reached skill level 1 in Invocations
   505 | D:4      | Reached skill level 1 in Evocations
   505 | D:4      | Reached XP level 4. HP: 32/32 MP: 3/11
   510 | D:4      | Learned a level 3 spell: Conjure Flame
   677 | D:4      | Gained mutation: You have an increased reservoir of magic. (+10% MP) [potion of mutation]
   677 | D:4      | Killed from afar by an orc wizard

Skill      XL: |  1  2  3 |
---------------+----------+-----
Conjurations   | 2 |  2.2
Spellcasting   | 5 |  5.0
Fighting       | 1 |  1.0
Short Blades   | 1 |  1.0
Long Blades    | 1 |  1.0
Axes           | 1 |  1.0
Maces & Flails | 1 |  1.0
Polearms       | 1 |  1.0
Staves         | 1 |  1.0
Slings         | 1 |  1.0
Bows           | 1 |  1.0
Crossbows      | 1 |  1.0
Throwing       | 1 |  1.0
Armour         | 1 |  1.0
Shields        | 1 |  1.0
Unarmed Combat | 1 |  1.0
Invocations    | 1 |  1.1
Evocations     | 1 |  1.0
Dodging        | |  4.6
Stealth        | |  4.2
Hexes          | |  0.8
Charms         | |  0.8
Summonings     | |  0.8
Necromancy     | |  0.8
Translocations | |  0.8
Transmutations | |  0.8
Fire Magic     | |  5.4
Ice Magic      | |  0.8
Air Magic      | |  0.8
Earth Magic    | |  0.8
Poison Magic   | |  0.8

Action                   |  1- 3 |  4- 6 || total
-------------------------+-------+-------++-------
Melee: Dagger            |    17 |       ||    17
       Bite              |     3 |     1 ||     4
       Falchion          |     8 |     3 ||    11
 Cast: Flame Tongue      |    31 |    13 ||    44
       Throw Flame       |     3 |       ||     3
  Use: Potion            |       |     1 ||     1
 Stab: Sleeping          |     1 |       ||     1
Armor: Robe              |     8 |       ||     8
Dodge: Dodged            |    25 |     9 ||    34
       Rpst.: Falchion   |     3 |     4 ||     7

Table legend:
 A = Turns spent in this place as a percentage of turns spent in the entire game.
 B = Non-inter-level travel turns spent in this place as a percentage of non-inter-level travel turns spent in the entire game.
 C = Inter-level travel turns spent in this place as a percentage of turns spent in this place.
 D = Turns resting spent in this place as a percentage of non-inter-level travel turns spent in this place.
 E = Turns spent auto-exploring this place as a percentage of non-inter-level travel turns spent in this place.
 F = Non-inter-level travel turns spent in this place divided by the number of levels of this place that you've seen.
                   A       B       C       D       E      F
               +-------+-------+-------+-------+-------+----------------------
         Total | 100.0 | 100.0 |   2.8 |   0.0 |   0.0 | 164.5
       Dungeon | 100.0 | 100.0 |   2.8 |   0.0 |   0.0 | 164.5
               +-------+-------+-------+-------+-------+----------------------

Table legend:
 A = Kills in this place as a percentage of kills in entire the game.
 B = Kills by you in this place as a percentage of kills by you in the entire game.
 C = Kills by friends in this place as a percentage of kills by friends in the entire game.
 D = Other kills in this place as a percentage of other kills in the entire game.
 E = Experience gained in this place as a percentage of experience gained in the entire game.
 F = Experience gained in this place divided by the number of levels of this place that you have seen.
                   A       B       C       D       E      F
               +-------+-------+-------+-------+-------+----------------------
         Total | 100.0 | 100.0 |   N/A |   N/A | 100.0 |  26.2
       Dungeon | 100.0 | 100.0 |   N/A |   N/A | 100.0 |  26.2
               +-------+-------+-------+-------+-------+----------------------

Vault maps used:
D:1:      dpeg_arrival_water_fire, minmay_tree_intersection
D:2:      grunt_temple_overflow_open, first_ration,
          chequers_ecumenical_altar_simple_redux, uniq_sigmund
D:3:      hex_tiny
D:4:      uniq_blork_the_orc
